 Dungeon Crawl Stone Soup version 0.31.0-9-g3a7656b989 (webtiles) character file.

Game seed: 6355307953995586279

138 qw the Skirmisher (level 5, -2/29 HPs)
             Began as a Deep Elf Hunter on Feb 2, 2024.
             Killed by divine providence
             ... invoked by an orc priest
              (13 damage)
             ... on level 3 of the Dungeon.
             The game lasted 00:00:07 (1697 turns).

qw the Skirmisher (Deep Elf Hunter)                 Turns: 1697, Time: 00:00:07

Health: -2/29      AC:  9    Str: 10    XL:     5   Next: 1%
Magic:  7/7        EV: 11    Int: 14    God:
Gold:   34         SH:  0    Dex: 18    Spells: 4/4 levels left

rFire   + . .        a - +0 shortbow
rCold   . . .        (shield currently unavailable)
rNeg    . . .        e - +1 ring mail {rF+}
rPois   .            (no helmet)
rElec   .            (no cloak)
rCorr   .            (no gloves)
SInv    .            d - +2 pair of boots {rampage}
Will    .....        (no amulet)
Stlth   +            (no ring)
HPRegen 0.24/turn    (no ring)
MPRegen 0.10/turn

%: rampage
@: no status effects
A: no striking features
a: no special abilities


You were on level 3 of the Dungeon.
You visited 1 branch of the dungeon, and saw 3 of its levels.

You collected 34 gold pieces.


   Skills:
 - Level 1.5 Fighting
 + Level 8.4 Ranged Weapons
 - Level 2.4 Dodging
 - Level 1.2 Stealth


You had 4 spell levels left.
You didn't know any spells.
Your spell library was empty.

Inventory:

Hand Weapons
 a - a +0 shortbow (weapon)
Armour
 d - a +2 pair of boots of rampaging (worn)
 e - a +1 ring mail of fire resistance (worn)
Potions
 f - a potion of mutation
 j - a potion of heal wounds
 k - a potion of berserk rage {unknown}

Dungeon Overview and Level Annotations

Branches:
Dungeon (3/15)

Altars:


Message History

You kill the rat!
A ball python comes into view.
The ball python hisses angrily.
You shoot an arrow. The arrow hits the ball python!
You kill the ball python!
Found a leather armour.
As you open the door, it creaks loudly!
An orc wizard and 2 orcs come into view.
The orc shouts!
The orc wizard shouts!
The orc shouts!
You hear a shout!
You hear a bark!
You hear a shout!
You shoot an arrow. The arrow closely misses the orc.
The arrow hits the orc but does no damage.
A hound comes into view.
An orc priest comes into view. It is wielding a +0 club.
You shoot an arrow. The arrow hits the orc.
The orc is severely wounded.
The orc hits you but does no damage.
You shoot an arrow. The arrow closely misses the orc.
The arrow hits the orc.
The orc is moderately wounded.
You shoot an arrow. The arrow hits the orc.
The orc is moderately wounded.
The orc priest invokes the aid of Beogh against you.
Beogh smites you!
Ouch! That really hurt!
You shoot an arrow.
The arrow hits the orc but does no damage.
The orc is moderately wounded.
The orc hits you but does no damage. The hound bites you but does no damage.
You shoot an arrow. The arrow hits the orc.
The orc is almost dead.
The hound bites you. The hound barely misses you.
You shoot an arrow.
The arrow hits the orc but does no damage.
The orc is severely wounded.
The orc barely misses you.
The orc wizard hits you with a +0 dagger.
The hound bites you.
The orc priest invokes the aid of Beogh against you.
Beogh smites you!
You die...

# #.##. # [... # ...
...##### #.###..###
#......' #........# #
#..##### .........#
##.##.......
.......ho##..# .........
........@ooo.## #...####
.........##.###.##...####
#........# ............
..........# #.##...####
#..###...## #..........
#.. #...# #####.##...####
#..###...###..........# #
#.....................# #
##..............<......#
#


You could see a hound, an orc priest, an orc wizard and 2 orcs.

Vanquished Creatures
  Natasha (thrice) (D:2)
  An adder (D:2)
  A ribbon worm (D:2)
  5 orcs (D:2)
  6 ball pythons
  3 endoplasms
  A giant cockroach (D:1)
  4 goblins
  3 hobgoblins
  3 jackals (D:2)
  2 quokkas (D:1)
  4 bats
  A frilled lizard (D:2)
  3 kobolds
  4 rats
44 creatures vanquished.

Notes
Turn   | Place    | Note
-------+----------+-------------------------------------------
     0 | D:1      | qw the Deep Elf Hunter began the quest for the Orb.
     0 | D:1      | Reached XP level 1. HP: 12/12 MP: 3/3
     0 | D:1      | 0 ||| qw: Version: 0.3-a-155-g5e7d8dd
     0 | D:1      | 0 ||| qw: Game counter: 2767
     0 | D:1      | 0 ||| qw: Melee chars always use a shield: true
     0 | D:1      | 0 ||| qw: God list: Okawaru
     0 | D:1      | 0 ||| qw: Allow faded altars: false
     0 | D:1      | 0 ||| qw: Do Orc after clearing Dungeon:15 true
     0 | D:1      | 0 ||| qw: Do second Lair branch before Depths: true
     0 | D:1      | 0 ||| qw: Lair rune preference: random
     0 | D:1      | 0 ||| qw: Goals: Normal
     0 | D:1      | 0 ||| PLANNING D:1-11
   215 | D:1      | Reached skill level 6 in Ranged Weapons
   215 | D:1      | Reached XP level 2. HP: 16/16 MP: 4/4
   371 | D:1      | Found a faded altar of an unknown god.
   696 | D:1      | 696 ||| UPGRADING to +2 pair of boots of rampaging.
   701 | D:1      | 701 ||| UPGRADING to +0 ring mail of fire resistance.
   711 | D:1      | 711 ||| DROPPING +0 leather armour.
   712 | D:1      | 712 ||| READING scroll labelled INEVEY ZUUKAN.
   713 | D:1      | 713 ||| DROPPING scroll of butterflies.
   775 | D:2      | Reached XP level 3. HP: 20/20 MP: 5/5
   874 | D:2      | Noticed Natasha
   884 | D:2      | Killed Natasha
   885 | D:2      | Reached skill level 7 in Ranged Weapons
  1073 | D:2      | Reached XP level 4. HP: 25/25 MP: 6/6
  1123 | D:2      | Noticed Natasha
  1135 | D:2      | Killed Natasha
  1344 | D:2      | Reached skill level 8 in Ranged Weapons
  1495 | D:2      | Noticed Natasha
  1503 | D:2      | Killed Natasha
  1549 | D:2      | 1549 ||| READING scroll labelled VADOED ULLUC.
  1550 | D:2      | 1550 ||| READING 2 scrolls labelled RASCHUX HAEPIG.
  1550 | D:2      | 1550 ||| IDENTIFYING bubbling golden potion
  1551 | D:2      | 1551 ||| READING scroll of identify.
  1551 | D:2      | 1551 ||| IDENTIFYING blue potion
  1552 | D:2      | 1552 ||| READING scroll labelled HUEWYW ZOJUNA.
  1553 | D:2      | 1553 ||| READING scroll labelled GINLUW LEUFFUS.
  1553 | D:2      | 1553 ||| ENCHANTING +0 ring mail of fire resistance.
  1554 | D:2      | 1554 ||| READING scroll labelled PEHEKESH XALA.
  1629 | D:3      | Reached XP level 5. HP: 29/29 MP: 7/7
  1697 | D:3      | Killed from afar by an orc priest

Levels and vault maps discovered:
D:1:      roderic_chinese_lattice_arrival, layout_loops_ring,
          shapermc_ecumenical_altar_starsandcircs, st_stairs_12,
          roderic_roman_lattice
D:2:      layout_loops_ring, uniq_natasha
D:3:      layout_basic, nicolae_wu_jian_wuxing_cycle, serial_shops, shop

Skill      XL: |  1  2  3  4 |
---------------+-------------+-----
Ranged Weapons | 6 7 8 |  8.4
Fighting       | |  1.5
Dodging        | |  2.4
Stealth        | |  1.2

Action                     |  1- 3 |  4- 6 || total
---------------------------+-------+-------++-------
   Fire: Shortbow          |    69 |    61 ||   130
    Use: Scroll            |     1 |     6 ||     7
 Armour: Leather armour    |     1 |       ||     1
         Ring mail         |    13 |    35 ||    48
  Dodge: Dodged            |     2 |    27 ||    29

Table legend:
 A = Non-vault XP
 B = Vault XP
 C = Vault XP percentage of total XP
 D = Non-vault monster count
 E = Vault monster count
 F = Vault count percentage of total count
                 A         B        C        D         E       F
            +---------+---------+-------+---------+---------+-------
      Total |     160 |      38 |  19.2 |      42 |       2 |   4.5
            +---------+---------+-------+---------+---------+-------
        D:1 |      27 |       2 |   6.9 |      16 |       1 |   5.9
        D:2 |     128 |      36 |  22.0 |      22 |       1 |   4.3
        D:3 |       5 |       0 |   0.0 |       4 |       0 |   0.0
            +---------+---------+-------+---------+---------+-------
